 Dungeon Crawl Stone Soup version 0.31-a0-75-g6fe912e8c5 (webtiles) character file.

Game seed: 8633814426725123462

426 night the Ruffian (level 6, 0/53 HPs)
             Began as a Troll Ice Elementalist on May 23, 2023.
             Was a Follower of Cheibriados.
             Slain by Grinder the chaos spawn (9 damage)
             ... on level 5 of the Dungeon.
             The game lasted 00:08:56 (3080 turns).

night the Ruffian (Troll Ice Elementalist)          Turns: 3080, Time: 00:08:56

Health: 0/53       AC: 10    Str: 20    XL:     6   Next: 64%
Magic:  7/7        EV:  7    Int: 16    God:    Cheibriados [*.....]
Gold:   199        SH:  0    Dex: 13    Spells: 7/8 levels left

rFire   + +          .
                       - Unarmed
rCold   x . .        (no shield)
rNeg    . . .        k - +0 fire dragon scales
rPois   .            (helmet restricted)
rElec   .            (no cloak)
rCorr   .            (gloves unavailable)
SInv    .            (boots unavailable)
Will    +....        (no amulet) Stlth
                     (no ring)
HPRegen 1.08/turn    (no ring)
MPRegen 0.10/turn

%: no passive effects
@: mighty, lethally poisoned (0 -> -1), enlightened, flying, very slow
A: large, unfitting armour, claws 3, regeneration 1, shaggy fur 1, tough skin 1
a: Renounce Religion, Bend Time


You were on level 5 of the Dungeon.
You worshipped Cheibriados.
Cheibriados was aware of your devotion.
You visited 1 branch of the dungeon, and saw 5 of its levels.
You also visited: Sewer.

You collected 199 gold pieces.

Inventory:

Missiles
 f - 16 poisoned darts
 g - 38 stones
 o - 6 curare-tipped darts
Armour
 k - +0 fire dragon scales (worn)
Wands
 n - a wand of polymorph (5)
Scrolls
 e - 2 scrolls of fear
 i - a scroll of vulnerability
 m - 6 scrolls of teleportation
 r - a scroll of blinking
Potions
 b - 3 potions of magic
 d - a potion of resistance {unknown}
 h - a potion of attraction {unknown}
 j - a potion of haste {unknown}
 l - 2 potions of cancellation
 p - 2 potions of invisibility {unknown}
 q - 2 potions of heal wounds {unknown}


   Skills:
 - Level 1.8 Armour
 - Level 1.5 Dodging
 - Level 1.0 Stealth
 * Level 4.9 Unarmed Combat
 - Level 1.9 Spellcasting
 - Level 3.4 Ice Magic
 + Level 1.3 Invocations


You had 7 spell levels left.
You knew the following spells:

 Your Spells              Type           Power      Damage    Failure   Level
a - Freeze                Ice            48%        1d6       19%         1

Your spell library contained the following spells:

 Spells                   Type           Power      Damage    Failure   Level
 Frozen Ramparts          Ice            24%        1d4       50%         3
 Ozocubu's Armour         Ice            12%        N/A       50%         3
 Summon Small Mammal      Summ           4%         N/A       61%         1
 Call Canine Familiar     Summ           1%         N/A       93%         3
 Summon Guardian Golem    Hex/Summ       0%         N/A       95%         3
 Summon Ice Beast         Ice/Summ       6%         N/A       99%         4


Dungeon Overview and Level Annotations

Branches:
Dungeon (5/15)              Sewer (visited)
 Temple: D:4-7

Altars:
Cheibriados
Gozag
Qazlal
Sif Muna
Trog
Uskayaw
Vehumet
Yredelemnul

Annotations:
D:5 Grinder


Innate Abilities, Weirdness & Mutations

You are too large for most types of armour.
You have claws for hands.
Your natural rate of healing is unusually fast.
You are covered in fur. (AC +1)
You have tough skin. (AC +1)


Message History

You suddenly lose the ability to move!
Grinder hits you but does no damage.
Grinder blinks!
You can move again.
Aiming: Polymorph
Press: ? - help, Shift-Dir - straight line, f - Grinder
Aim: Grinder (will become a crimson imp, a chaos spawn, or a lemure, chance to affect: 49%) Grinder evaporates and reforms as a chaos spawn!
You closely miss Grinder. Your claw misses Grinder.
Grinder hits you but does no damage.
You closely miss Grinder. Grinder hits you but does no damage.
You scratch Grinder. You claw Grinder.
Grinder is lightly wounded.
Grinder hits you.
You are engulfed in flames.
You resist.
You completely miss Grinder.
Grinder is lightly wounded.
Grinder gores you but does no damage.
You closely miss Grinder.
Grinder is lightly wounded.
Grinder hits you but does no damage.
You scratch Grinder but do no damage.
Grinder is lightly wounded.
Grinder gores you!
You are poisoned.
Grinder poisons you!
You claw Grinder!
Grinder is moderately wounded.
You feel sick. Grinder hits you!
You feel very mighty all of a sudden.
You scratch Grinder.
Grinder is heavily wounded.
You feel sick. Grinder gores you!
* * * LOW HITPOINT WARNING * * *
Grinder draws strength from your injuries!
It was a potion of enlightenment.
You feel very buoyant.
You fly up into the air.
You feel sick.
Grinder gibbers incoherently in a cacophony of voices.
Grinder gores you!
You die...

#........##.
#...........
#.).........
#.<.#######. .
#...##...# ..
#....#...##...
#....#........
#....'........
#...##@..##...
#...##4..#
#..........>
#.............
#.............
##############


You could see Grinder the chaos spawn.

Vanquished Creatures
  Blork the orc (D:4)
  A howler monkey (D:3)
  Ijyb (D:3)
  An iguana (D:4)
  A hell rat (Sewer)
  3 river rats
  12 adders
  A white imp (D:3)
  An ufetubus (D:4)
  5 worms
  2 dart slugs
  3 orcs (D:3)
  3 ball pythons
  An endoplasm (D:3)
  2 giant cockroaches
  14 goblins
  10 hobgoblins
  5 kobolds
  3 quokkas
  2 bats
  2 frilled lizards
  12 rats
86 creatures vanquished.

Notes
Turn   | Place    | Note
-------+----------+-------------------------------------------
     0 | D:1      | night the Troll Ice Elementalist began the quest for the
                  | Orb.
     0 | D:1      | Reached XP level 1. HP: 16/16 MP: 1/1
   435 | D:2      | Reached XP level 2. HP: 24/24 MP: 3/3
   444 | D:2      | Reached skill level 1 in Unarmed Combat
   496 | D:2      | Reached XP level 3. HP: 31/31 MP: 4/4
   671 | D:2      | Reached XP level 4. HP: 39/39 MP: 5/5
   686 | D:2      | Reached skill level 2 in Unarmed Combat
  1128 | D:3      | Noticed Ijyb
  1149 | D:3      | Killed Ijyb
  1150 | D:3      | Reached skill level 1 in Armour
  1150 | D:3      | Reached skill level 3 in Unarmed Combat
  1150 | D:3      | Reached XP level 5. HP: 42/45 MP: 6/6
  1227 | D:3      | Found a radiant altar of Vehumet.
  1476 | D:3      | Found a faded altar of an unknown god.
  1550 | D:3      | Prayed at the altar of an unknown god.
  1550 | D:3      | Became a worshipper of Uskayaw the Reveller
  1550 | D:3      | Reached * piety under Uskayaw
  1585 | D:3      | Found a bloodstained altar of Trog.
  1620 | D:3      | Found a snail-covered altar of Cheibriados.
  1688 | D:3      | Fell from the grace of Uskayaw
  1688 | D:3      | Became a worshipper of Cheibriados the Contemplative
  1817 | D:3      | Found a glowing drain.
  1823 | Sewer    | Entered a sewer
  1866 | Sewer    | Reached skill level 4 in Unarmed Combat
  1866 | Sewer    | Reached XP level 6. HP: 32/53 MP: 7/7
  2289 | D:4      | Reached * piety under Cheibriados
  2458 | D:4      | Noticed Robin
  2476 | D:4      | HP: 5/53 [poisoned by a goblin]
  2482 | D:4      | HP: 6/53 [goblin/+0 dagger[Robin] (4)]
  2489 | D:4      | Robin changed into Robin the river rat
  2489 | D:4      | Noticed Robin
  2496 | D:4      | Killed Robin the river rat
  2579 | D:4      | Noticed Blork the orc
  2593 | D:4      | Killed Blork the orc
  2594 | D:4      | Reached skill level 1 in Invocations
  2688 | D:4      | Found an opulent altar of Gozag.
  2858 | D:4      | Found a basalt altar of Yredelemnul.
  2860 | D:4      | Found a hide-covered altar of Uskayaw.
  2862 | D:4      | Found a stormy altar of Qazlal.
  2865 | D:4      | Found a shimmering blue altar of Sif Muna.
  3055 | D:5      | Entered Level 5 of the Dungeon
  3065 | D:5      | Noticed Grinder
  3066 | D:5      | Paralysed by Grinder for 5 turns
  3071 | D:5      | Grinder changed into Grinder the chaos spawn
  3071 | D:5      | Noticed Grinder
  3080 | D:5      | Slain by Grinder the chaos spawn

Illustrated notes

Levels and vault maps discovered:
D:1:      dpeg_arrival_brainrot, layout_basic, due_unseen_surprise
D:2:      layout_rooms, serial_forest, infiniplex_forest_straight_4,
          infiniplex_forest_zigzag_1, infiniplex_forest_straight_3,
          infiniplex_forest_straight_3
D:3:      layout_basic, marbit_many_paths, vehumet_crystals,
          mainiacjoe_overflow_boulevard, hellmonk_ecumenical_altar_lost_god,
          lightli_sewer_entry_pipes, serial_bayou_ford_a, uniq_ijyb
D:4:      layout_basic, grunt_gozag_statues, minitemple, kennysheep_donut,
          uniq_robin, uniq_blork_the_orc
D:5:      layout_gridville, nemelex_spade_bored_becter,
          nicolae_ossuary_entry_ruins, minmay_mini_ossuary, uniq_grinder

Skill      XL: |  1  2  3  4  5  6 |
---------------+-------------------+-----
Ice Magic      | 3 |  3.4
Unarmed Combat | 1 3 4 |  4.9
Armour         | 1 |  1.8
Invocations    | 1 |  1.3
Dodging        | |  1.5
Stealth        | |  1.0
Spellcasting   | |  1.9

Action                     |  1- 3 |  4- 6 || total
---------------------------+-------+-------++-------
  Melee: Unarmed           |    89 |   225 ||   314
         Punch             |       |     4 ||     4
 Invoke: Bend Time         |       |     1 ||     1
  Evoke: Wand              |       |     3 ||     3
    Use: Scroll            |     3 |     4 ||     7
         Potion            |       |     3 ||     3
 Armour: Fire dragon scale |    49 |   140 ||   189
         Robe              |     5 |       ||     5
         Skin              |       |     4 ||     4
  Dodge: Dodged            |    26 |    84 ||   110

Table legend: (Time is in decaauts)
 A = Elapsed time spent in this place.
 B = Non-inter-level travel time spent in this place.
 C = Inter-level travel time spent in this place.
 D = Time resting spent in this place.
 E = Time spent auto-exploring this place.
 F = Levels seen in this place.
 G = Mean time per level.
                   A        B        C        D        E       F      G
               +--------+--------+--------+--------+--------+-----+--------+
         Total |   3476 |   3334 |    142 |      0 |   2614 |   6 |  579.3 |
       Dungeon |   3365 |   3223 |    142 |      0 |   2593 |   5 |  673.0 |
         Sewer |    111 |    111 |      0 |      0 |     21 |   1 |  111.0 |
               +--------+--------+--------+--------+--------+-----+--------+

Top non-repeatable levels by time:
     D:3: 1173 daAuts
     D:4: 1087 daAuts
     D:2: 644 daAuts
     D:1: 431 daAuts
   Sewer: 111 daAuts
     D:5: 28 daAuts
